 Dungeon Crawl Stone Soup version 0.31.0-32-g396128a36d (webtiles) character file.

Game seed: 8312505033901459172

30 Armgoth the Sneak (level 3, 0/24 HPs)
             Began as an Octopode Brigand on Mar 14, 2024.
             Slain by a phantom (3 damage)
             ... on level 3 of the Dungeon.
             The game lasted 00:11:08 (1220 turns).

Armgoth the Sneak (Octopode Brigand)                Turns: 1220, Time: 00:11:08

Health: 0/24       AC:  1    Str: 10    XL:     3   Next: 20%
Magic:  3/3        EV: 13    Int: 13    God:
Gold:   62         SH:  0    Dex: 15    Spells: 2/2 levels left

rFire   . . .        i - +0 short sword
rCold   . . .        (no shield)
rNeg    . . .        (helmet restricted)
rPois   .            (no amulet)
rElec   .            o - ring of willpower
rCorr   .            (no ring)
SInv    .            (no ring)
Will    +....        (no ring)
Stlth   ++++         (no ring)
HPRegen 0.24/turn    (no ring)
MPRegen 0.08/turn    (no ring)
                     (no ring)

%: no passive effects
@: no status effects
A: almost no armour, amphibious, 8 rings, camouflage 1, gelatinous body 1,
(nimble swimmer 1), tentacles
a: no special abilities


You were on level 3 of the Dungeon.
You visited 1 branch of the dungeon, and saw 3 of its levels.

You collected 62 gold pieces.

Inventory:

Hand Weapons
 a - a +2 dagger
 i - a +0 short sword (weapon)
Missiles
 b - 11 poisoned darts (quivered)
 c - 3 curare-tipped darts
 m - 3 stones
 q - a javelin
Magical Staves
 j - a staff of alchemy
Jewellery
 o - a ring of willpower (left tentacle)
Scrolls
 h - 3 scrolls of identify {unknown}
 k - a scroll of silence {unknown}
 l - a scroll of enchant armour {unknown}
 p - a scroll of acquirement {unknown}
 r - a scroll of fear {unknown}
Potions
 d - a potion of haste {unknown}
 e - a potion of ambrosia {unknown}
 f - 2 potions of heal wounds {unknown}
 g - 2 potions of curing {unknown}
 n - a potion of enlightenment {unknown}


   Skills:
 * Level 2.3 Fighting
 * Level 2.4 Short Blades
 * Level 2.0 Throwing
 + Level 1.2 Dodging
 + Level 6.0 Stealth


You had 2 spell levels left.
You didn't know any spells.
Your spell library contained the following spells:

 Spells                   Type           Power      Damage    Failure   Level
 Apportation              Tloc           0%         N/A       30%         1
 Necrotise                Necr           0%         1d4       30%         1
 Sting                    Conj/Alch      0%         1d3       30%         1
 Summon Small Mammal      Summ           0%         N/A       30%         1


Dungeon Overview and Level Annotations

Branches:
Dungeon (3/15)

Altars:


Innate Abilities, Weirdness & Mutations

You cannot wear most types of armour.
You are amphibious.
You can wear up to eight rings at the same time.
Your skin changes colour to match your surroundings (Stealth+).
Your rubbery body absorbs attacks. (AC +1, EV +1)
((You are camouflaged when in or above water. (Stealth+)))
You have tentacles for arms and can constrict up to eight enemies at once.


Message History

You constrict the dart slug.
You kill the dart slug!
An endoplasm comes into view.
Found a stone staircase leading up.
A phantom comes into view.
Found a scroll labelled GUJOIF YGUPLI.
You see here a poisoned dart.
Throw: 3 javelins
Press: ? - help, Shift-Dir - straight line, f - phantom
Aim: a phantom (46% to hit)
You throw a javelin.
The javelin pierces through the phantom!
The phantom is moderately damaged.
The endoplasm quivers.
Throw: 2 javelins
Press: ? - help, Shift-Dir - straight line, f/p - phantom
Aim: a phantom (moderately damaged, 46% to hit)
You throw a javelin. The javelin closely misses the phantom.
The endoplasm freezes you.
You are frozen.
The phantom attacks as it pursues you! The phantom barely misses you.
The endoplasm attacks as it pursues you!
The endoplasm barely misses you.
The endoplasm attacks as it pursues you!
The endoplasm misses you.
You hit the phantom but do no damage.
Your tentacle-slap misses the phantom.
The phantom is moderately damaged.
The phantom misses you.
You hit the phantom.
The phantom is moderately damaged.
The phantom hits you!
You hit the phantom.
The phantom is moderately damaged.
The phantom hits you.
You closely miss the phantom.
The phantom is moderately damaged.
The phantom hits you.
* * * LOW HITPOINT WARNING * * *
The phantom attacks as it pursues you! The phantom hits you.
You die...

# ####### .. ######
#.....########.#
#####....####.###.#....#...#
.........'......@W.J......<#.
#####....####.###.#..........
#####....####+###.##.(.#...
....#..........##.#......#
###.##.........##.#..........
..#.##.........##.#..<#..#(##
).#.##.........##.#.#.#.....(
.##.###...###+###.#.#.#.##.##
....###...# #.#.?.# . ...


You could see a phantom and an endoplasm.

Vanquished Creatures
  A dart slug (D:3)
  2 ball pythons (D:2)
  3 endoplasms
  A giant cockroach (D:2)
  4 goblins
  3 quokkas
  8 bats
  2 frilled lizards
  2 kobolds
  A rat (D:1)
27 creatures vanquished.

Notes
Turn   | Place    | Note
-------+----------+-------------------------------------------
     0 | D:1      | Armgoth the Octopode Brigand began the quest for the Orb.
     0 | D:1      | Reached XP level 1. HP: 14/14 MP: 1/1
   346 | D:1      | Reached XP level 2. HP: 10/19 MP: 2/2
   834 | D:2      | Reached skill level 6 in Stealth
   886 | D:2      | Reached XP level 3. HP: 23/24 MP: 3/3
  1207 | D:3      | Noticed a phantom
  1220 | D:3      | Slain by a phantom

Illustrated notes

Levels and vault maps discovered:
D:1:      minmay_arrival_four_circles, layout_loops_ring
D:2:      layout_basic, serial_bayou_pond_e
D:3:      layout_basic, cheibrodos_sewer_entry_bend

Skill      XL: |  1  2 |
---------------+-------+-----
Stealth        | 6 |  6.0
Fighting       | |  2.3
Short Blades   | |  2.4
Throwing       | |  2.0
Dodging        | |  1.2

Action                     || total
---------------------------++-------
  Melee: Short sword       ||    54
         Tentacles         ||     7
         Constrict         ||    11
         Dagger            ||     1
         Punch             ||     1
  Throw: Stone             ||     1
         Javelin           ||     2
         Dart              ||     1
   Stab: Sleeping          ||     9
 Armour: Skin              ||    36
  Dodge: Dodged            ||    27
